 Dungeon Crawl Stone Soup version 0.18.1-50-g88ac8fd (webtiles) character file.

52 Nordron the Changer (level 3, 0/31 HPs)
             Began as a Naga Transmuter on Sept 29, 2016.
             Slain by a jackal (2 damage)
             ... on level 2 of the Dungeon.
             The game lasted 00:04:30 (1143 turns).

Nordron the Changer (Naga Transmuter)               Turns: 1143, Time: 00:04:30

Health: 0/31       AC:  2    Str: 12    XL:     3   Next: 85%
Magic:  6/6        EV:  9    Int: 13    God:
Gold:   57         SH:  0    Dex: 12    Spells: 1 memorised, 5 levels left

rFire  . . .     SeeInvis +     q - +0 dagger (flame)
rCold  . . .     Gourm    .     r - +0 leather armour
rNeg   . . .     Faith    .     (no shield)
rPois  +         Spirit   .     (no helmet)
rElec  .         Dismiss  .     (no cloak)
rCorr  .         Reflect  .     (no gloves)
SustAt .         Harm     .     (no barding)
MR     .....                    (no amulet)
Stlth  +.........               (no ring)
                                (no ring)

@: very slow, not resistant to hostile enchantments, very unstealthy
A: see invisible, deformed body, poison resistance, slowness 2, slow metabolism
1, spit poison 2, AC +1
a: Spit Poison


You were on level 2 of the Dungeon.
You were not hungry.

You visited 1 branch of the dungeon, and saw 2 of its levels.

You collected 57 gold pieces.

Inventory:

Hand Weapons
 e - a +0 short sword
 i - a +0 spear
 q - a +0 dagger of flaming (weapon)
Missiles
 a - 12 arrows
Armour
 b - a +0 robe
 f - a +0 helmet
 r - a +0 leather armour (worn)
Scrolls
 k - a scroll of recharging {unknown}
 l - a scroll of remove curse {unknown}
 m - a scroll of enchant armour {unknown}
 n - a scroll of random uselessness {unknown}
 p - a scroll of identify {unknown}
Potions
 g - a potion of curing {unknown}
 j - a potion of brilliance {unknown}
Books
 c - a book of Changes

   Spells                             Type                      Level
   a - Beastly Appendage              Transmutation                1
   b - Sticks to Snakes               Transmutation                2
   c - Spider Form                    Transmutation/Poison         3
   d - Ice Form                       Ice/Transmutation            4
   e - Blade Hands                    Transmutation                5
Comestibles
 d - a bread ration
 o - a meat ration


   Skills:
 - Level 1.0 Fighting
 + Level 0.1 Armour
 - Level 1.5 Dodging
 - Level 3.0 Unarmed Combat
 - Level 2.0 Spellcasting
 * Level 4.0 Transmutations


You had 5 spell levels left.
You knew the following spells:

 Your Spells              Type           Power        Failure   Level  Hunger
a - Beastly Appendage     Trmt           ##....       8%          1    ##.....


Dungeon Overview and Level Annotations

Branches:
Dungeon (2/15)

Altars:


Innate Abilities, Weirdness & Mutations

You cannot wear boots.
Your serpentine skin is tough (AC +1).
You have supernaturally acute eyesight.
Armour fits poorly on your strangely shaped body.
Your system is resistant to poisons.
You cover ground very slowly.
You have a slow metabolism.
You can spit poison.


Message History

The jackal is moderately wounded.
The jackal barely misses you.
The jackal bites you but does no damage.
You hit the jackal. You burn the jackal.
The jackal is severely wounded.
The jackal barely misses you.
You closely miss the jackal.
The jackal is severely wounded.
The jackal barely misses you.
The jackal bites you but does no damage.
You barely miss the jackal.
The jackal is severely wounded.
The jackal barely misses you.
You closely miss the jackal.
The jackal is severely wounded.
The jackal closely misses you.
You hit the jackal but do no damage.
The jackal is severely wounded.
The jackal bites you.
You die...

#.# #.# #.# #.# #.#
#.# ####.#######.
#(...........
#@#..####.###
#h#..####.# ##
#.#h......## ...
#.#.####..<# ...
....# #....# #.#
#.### #....# #.# #.#
#.#.## #.#
#.#####.#.#
#.#########...>.....#


You could see a jackal.

Vanquished Creatures
  3 dart slugs (D:1)
  A giant gecko (D:2)
  3 ball pythons (D:1)
  3 bats (D:1)
  4 giant cockroaches (D:1)
  4 goblins (D:1)
  3 hobgoblins
  7 jackals
  2 kobolds (D:1)
  3 giant newts (D:1)
  6 rats (D:1)
39 creatures vanquished.

Notes
Turn   | Place    | Note
--------------------------------------------------------------
     0 | D:1      | Nordron the Naga Transmuter began the quest for the Orb.
     0 | D:1      | Reached XP level 1. HP: 18/18 MP: 3/3
    86 | D:1      | Reached XP level 2. HP: 5/25 MP: 3/5
   438 | D:1      | Reached skill level 3 in Transmutations
   536 | D:1      | Reached XP level 3. HP: 13/31 MP: 6/6
  1127 | D:2      | Reached skill level 4 in Transmutations
  1136 | D:2      | HP: 1/31 [jackal (1)]
  1143 | D:2      | Slain by a jackal

Skill      XL: |  1  2  3 |
---------------+----------+-----
Transmutations | 3 4 |  4.0
Fighting       | |  1.0
Armour         | |  0.1
Dodging        | |  1.5
Unarmed Combat | |  3.0
Spellcasting   | |  2.0

Action                   || total
-------------------------++-------
Melee: Unarmed           ||    43
       Headbutt          ||     8
       Spear             ||    46
       Dagger            ||    48
 Cast: Beastly Appendage ||    19
 Stab: Sleeping          ||     1
  Eat: Chunk             ||     1
Armor: Robe              ||    15
       Leather armour    ||    12
Dodge: Dodged            ||    65
